 Dungeon Crawl Stone Soup version 0.26-a0-651-gb41185065b (webtiles) character file.

Game seed: 954376853196906835

16518 Klosterheim the Fighter (level 12, -9/113 HPs)
             Began as a White Draconian Artificer on Oct 19, 2020.
             Was an Initiate of Gozag.
             Mangled by a blink frog (13 damage)
             ... on level 3 of the Lair of Beasts on Jan 12, 2021.
             The game lasted 00:49:54 (22695 turns).

Klosterheim the Fighter (DrAr)                     Turns: 22695, Time: 00:49:55

Health: -9/113     AC: 10    Str: 19    XL:     12   Next: 10%
Magic:  0/13       EV: 18    Int: 15    God:    Gozag
Gold:   145        SH:  0    Dex: 19    Spells: 6/13 levels left

rFire    . . .     SeeInvis .   o - +6 mace "Qaomiuse" {protect, Str+4}
rCold    + + .     Faith    .   (no shield)
rNeg     . . .     Spirit   +   (armour unavailable)
rPois    .         Reflect  .   (helmet restricted)
rElec    .         Harm     .   l - scarf {shadows}
rCorr    .         Rampage  .   (no gloves)
MR       .....                  h - +1 pair of boots
Stlth    +++.......             A - amulet of guardian spirit
HPRegen  0.28/turn              a - +6 ring of dexterity
MPRegen  0.13/turn              p - ring of protection from cold

@: lethally poisoned (-9 -> -15)
A: breathe frost, unfitting armour, cold resistance 1, sense surroundings 1,
wild magic 1, cold-blooded, AC +8
a: Breathe Frost, Potion Petition, Call Merchant, Bribe Branch, Renounce
Religion


You were on level 3 of the Lair of Beasts.
You worshipped Gozag.
Gozag was aware of your devotion.
You visited 4 branches of the dungeon, and saw 15 of its levels.

You collected 2308 gold pieces.
You spent 716 gold pieces at shops.
You paid 1447 gold pieces to Gozag.

Inventory:

Hand Weapons
 o - the +6 mace "Qaomiuse" (weapon) {protect, Str+4}
   (You found it on level 5 of the Dungeon)

   It grants its wielder temporary protection when it strikes (+7 to AC).
   It affects your strength (+4).
Armour
 h - a +1 pair of boots (worn)
 l - a scarf of shadows (worn)
Jewellery
 a - a +6 ring of dexterity (left hand)
 p - a ring of protection from cold (right hand)
 s - an uncursed ring of ice
 A - an amulet of guardian spirit (around neck)
 E - a +6 ring of strength {unknown}
Wands
 d - a wand of random effects (20)
 w - a wand of digging (4)
 z - a wand of enslavement (10)
 C - a wand of polymorph (8)
Scrolls
 e - 7 scrolls of teleportation
 f - 3 scrolls of immolation
 n - 2 scrolls of magic mapping
 q - 3 scrolls of enchant armour
 v - 7 scrolls of identify
 y - a scroll of enchant weapon
 B - 2 scrolls of fear
 D - 2 scrolls of remove curse
 G - a scroll of brand weapon
Potions
 g - 4 potions of brilliance
 k - 6 potions of flight
 t - a potion of resistance


   Skills:
 + Level 12.7 Fighting
 * Level 11.9 Maces & Flails
 - Level 8.0 Dodging
 - Level 4.0 Stealth
 + Level 1.2 Spellcasting
 + Level 1.3 Summonings
 + Level 1.8 Ice Magic
 - Level 5.0 Evocations


You had 6 spell levels left.
You knew the following spells:

 Your Spells              Type           Power        Failure   Level
a - Ozocubu's Armour      Ice            #.......     43%         3
b - Summon Ice Beast      Ice/Summ       #.......     83%         4

Your spell library contained the following spells:

 Spells                   Type           Power        Failure   Level
 Freeze                   Ice            #...         17%         1
 Frozen Ramparts          Ice            #.....       43%         3
 Sublimation of Blood     Necr           #.........   45%         2
 Ignite Poison            Fire/Tmut/Pois #.......     67%         3
 Hailstorm                Conj/Ice       #.......     90%         4
 Petrify                  Tmut/Erth      #.......     96%         4
 Alistair's Intoxication  Tmut/Pois      #........    100%        5
 Irradiate                Conj/Tmut      #.........   100%        5
 Eringya's Noxious Bog    Tmut/Pois      #.........   100%        6


Dungeon Overview and Level Annotations

Branches:
Dungeon (10/15)            Temple (1/1) D:4            Lair (3/6) D:8
  Swamp (1/4) Lair:2       Spider (0/4) Lair:3
    Orc: D:9-12

Altars:
Ashenzari
Cheibriados
Dithmenos
Elyvilon
Fedhas
Gozag
Hepliaklqana
Kikubaaqudgha
Makhleb
Nemelex Xobeh
Okawaru
Ru
Trog
Uskayaw
Vehumet
Wu Jian
Xom
Yredelemnul
Zin
The Shining One

Shops:
D:5 =!   Lair:3 :

Annotations:
Lair:1 exclusion: 2 oklob plants
Lair:2 1 runed translucent door, rigao's ghost, journeyman DENe
Lair:3 exclusion: oklob plant
Swamp:1 Roxanne


Innate Abilities, Weirdness & Mutations

You can breathe waves of freezing cold.
You can buffet flying creatures when you breathe cold.
Your icy white scales are hard. (AC +8)
You cannot fit into any form of body armour.
Your flesh is cold resistant. (rC+)
You are cold-blooded and may be slowed by cold attacks.
You passively map a small area around you.
Your spells are a little harder to cast, but a little more powerful.


Message History

The blink frog misses you.
The blink frog blinks!
The black mamba misses you. The porcupine barely misses you.
The blink frog hits you!
* * * LOW HITPOINT WARNING * * *
Unknown command.
You feel sick. The black mamba closely misses you. The blink frog hits you!
* * * LOW HITPOINT WARNING * * *
The blink frog barely misses you.
The blink frog blinks!
The porcupine misses you. The black mamba bites you!
* * * LOW HITPOINT WARNING * * *
The blink frog blinks!
Unknown command.
* * * LOW HITPOINT WARNING * * *
You feel sick. The blink frog barely misses you.
The black mamba barely misses you.
The blink frog blinks!
The porcupine bites you.
* * * LOW HITPOINT WARNING * * *
The blink frog closely misses you. The black mamba closely misses you.
The blink frog hits you!
You die...
Your body crumbles into a pile of gold.

*, ..........###
.⌠..<.(⌠..##.## ,, ,
..........#.... ,
..F⌠...#...... ,
#.....$#F..... ,
###...#......# , ,
.####...##..#.### ,
.....F§F..##### ,
..#...⌠S@r⌠##
..#..#.F...## * ,
#....##.⌠.#.# ,
#.P...##.##.# ..
#.......##### #.. ,
P......## #..
..#....###### #.. ,
#.....##..P####### #..
.###....###........#####..


You could see a black mamba, 4 blink frogs and a porcupine.

Vanquished Creatures
  Gastronok (Lair:2)
  2 hydras
  Sonja (Lair:2)
  Joseph (D:7)
  An elephant (Lair:1)
  2 black mambas
  6 cane toads
  4 komodo dragons
  A blink frog (Lair:3)
  2 hippogriffs
  3 spriggans (Lair:1)
  4 yaks (Lair:3)
  3 wyverns
  A basilisk (Lair:2)
  A steam dragon (D:9)
  6 water moccasins
  A swamp drake (D:8)
  5 porcupines
  2 sky beasts
  2 ice beasts
  An eye of draining (D:9)
  3 orc warriors
  A phantom (D:4)
  A black bear (Lair:1)
  9 wolves
  3 ogres
  6 crocodiles
  4 scorpions
  4 centaurs
  9 bullfrogs
  A wyvern skeleton (D:6)
  5 killer bees
  A wight (D:9)
  5 electric eels
  5 howler monkeys
  2 bullfrog zombies
  5 hounds
  An iron imp (D:9)
  2 jellies
  7 orc priests
  2 bullfrog skeletons
  Jessica (D:2)
  Terence (D:2)
  8 orc wizards
  An iguana (D:7)
  3 worker ants
  A killer bee zombie (D:5)
  A hound zombie (D:8)
  A howler monkey zombie (D:10)
  3 gnolls
  13 adders
  4 shadow imps
  3 white imps
  An ufetubus (D:9)
  An ooze (D:6)
  An adder skeleton (D:9)
  2 adder zombies (D:8)
  2 worms
  2 dart slugs (D:3)
  6 leopard geckos
  23 orcs
  11 bats
  7 giant cockroaches
  14 goblins
  9 hobgoblins
  9 jackals
  3 quokkas
  2 ball pythons (D:1)
  6 frilled lizards
  8 kobolds
  2 quokka skeletons
  6 rats
281 creatures vanquished.

Vanquished Creatures (collateral kills)
  An ice beast (D:4)
  An ogre (D:5)
  A white imp (D:5)
  A rat (D:1)
4 creatures vanquished.

Vanquished Creatures (others)
  An ogre (D:8)
  An orc priest (D:5)
  A gnoll (D:3)
  A shadow imp (D:9)
  A leopard gecko (D:1)
  27 fungi
  58 plants
90 creatures vanquished.

Grand Total: 375 creatures vanquished

Notes
Turn   | Place    | Note
-------+----------+-------------------------------------------
     0 | D:1      | Klosterheim the Draconian Artificer began the quest for the
                  | Orb.
     0 | D:1      | Reached XP level 1. HP: 16/16 MP: 1/1
    22 | D:1      | Reached skill level 1 in Stealth
   230 | D:1      | Reached XP level 2. HP: 23/23 MP: 2/2
  1089 | D:1      | Reached XP level 3. HP: 22/29 MP: 3/3
  1358 | D:1      | Reached skill level 2 in Fighting
  1529 | D:2      | Found a shimmering altar of Xom.
  1551 | D:2      | Noticed Terence
  1594 | D:2      | Killed Terence
  1594 | D:2      | Reached XP level 4. HP: 18/36 MP: 4/4
  1968 | D:2      | Found a shimmering altar of Xom.
  2460 | D:2      | Noticed Jessica
  2475 | D:2      | Killed Jessica
  2518 | D:2      | Reached XP level 5. HP: 40/44 MP: 5/5
  2706 | D:3      | Found a faded altar of an unknown god.
  2999 | D:3      | Reached skill level 3 in Fighting
  3797 | D:4      | Noticed a phantom
  3816 | D:4      | Killed a phantom
  3816 | D:4      | Reached XP level 6. HP: 38/51 MP: 6/6
  3922 | D:4      | Found a sparkling altar of Nemelex Xobeh.
  4073 | D:4      | Found a white marble altar of Elyvilon.
  4205 | D:4      | Found a staircase to the Ecumenical Temple.
  4232 | Temple   | Entered the Ecumenical Temple
  4377 | Temple   | Became a worshipper of Gozag Ym Sagoz the Greedy
  5706 | D:5      | Entered Level 5 of the Dungeon
  6090 | D:5      | Reached skill level 4 in Fighting
  6127 | D:4      | Your scales start taking on an icy white colour.
  6127 | D:4      | Reached XP level 7. HP: 26/59 MP: 7/7
  6127 | D:4      | Gained mutation: Your flesh is cold resistant. (rC+) [White
                  | Draconian growth]
  6538 | D:4      | Reached skill level 5 in Evocations
  7770 | D:5      | Reached skill level 5 in Fighting
  7914 | D:5      | Found Halen's Jewellery Emporium.
  7970 | D:5      | Found an ornate altar of the Wu Jian Council.
  7994 | D:5      | Found Moxitt's Distillery.
  8082 | D:5      | Bought a potion of berserk rage for 60 gold pieces
  8082 | D:5      | Bought a potion of might for 48 gold pieces
  8082 | D:5      | Bought a potion of brilliance for 48 gold pieces
  8669 | D:5      | Got an ebony mace
  8670 | D:5      | Identified the +6 mace "Qaomiuse" {protect, Str+4} (You
                  | found it on level 5 of the Dungeon)
  9045 | D:6      | Reached skill level 5 in Dodging
  9333 | D:6      | Reached XP level 8. HP: 28/70 MP: 8/8
  9341 | D:6      | Reached skill level 6 in Fighting
 10115 | D:6      | Reached skill level 7 in Fighting
 10465 | D:7      | Noticed a hippogriff
 10490 | D:7      | Killed a hippogriff
 10690 | D:7      | Reached skill level 8 in Fighting
 10690 | D:7      | Reached XP level 9. HP: 36/81 MP: 9/9
 11333 | D:7      | Noticed Joseph
 11348 | D:7      | Killed Joseph
 11992 | D:8      | Reached skill level 9 in Fighting
 12481 | D:8      | Reached skill level 1 in Maces & Flails
 13234 | D:8      | Found a staircase to the Lair.
 13241 | D:8      | Reached XP level 10. HP: 86/93 MP: 10/10
 13418 | D:9      | Reached skill level 10 in Fighting
 13443 | D:9      | Reached skill level 5 in Maces & Flails
 14407 | D:9      | Found an ornate altar of the Wu Jian Council.
 14432 | D:9      | Found a snail-covered altar of Cheibriados.
 14854 | D:9      | Found an iron altar of Okawaru.
 15197 | D:10     | Entered Level 10 of the Dungeon
 15375 | D:10     | Noticed a deep elf mage
 15375 | D:10     | Noticed a two-headed ogre
 15403 | D:10     | Found a sacrificial altar of Ru.
 15980 | Lair:1   | Entered Level 1 of the Lair of Beasts
 16241 | Lair:1   | Noticed a cane toad
 16248 | Lair:1   | Killed a cane toad
 16638 | Lair:1   | Noticed an elephant
 16734 | Lair:1   | Reached skill level 11 in Fighting
 17159 | Lair:1   | Killed an elephant
 17425 | Lair:1   | Noticed a four-headed hydra
 17436 | Lair:1   | Killed a four-headed hydra
 17436 | Lair:1   | Reached XP level 11. HP: 37/102 MP: 3/11
 17699 | Lair:1   | Noticed an oklob plant
 17981 | Lair:1   | Noticed an oklob plant
 18118 | Lair:2   | Found a runed translucent door.
 18142 | Lair:2   | Noticed rigao's ghost (journeyman DENe)
 18167 | Lair:2   | Found a staircase to the Swamp.
 18529 | Swamp:1  | Entered Level 1 of the Swamp
 18529 | Swamp:1  | Noticed Roxanne
 18535 | Swamp:1  | Noticed a four-headed hydra
 18541 | Swamp:1  | Noticed an eight-headed hydra
 19048 | Lair:2   | Reached skill level 10 in Maces & Flails
 19551 | Lair:2   | Noticed Sonja
 19902 | Lair:2   | Noticed Gastronok
 19930 | Lair:2   | Killed Gastronok
 19930 | Lair:2   | Reached skill level 12 in Fighting
 20410 | Lair:2   | Killed Sonja
 20644 | Lair:2   | Noticed a four-headed hydra
 20656 | Lair:2   | Killed a four-headed hydra
 21535 | Lair:3   | Noticed an oklob plant
 21545 | Lair:3   | Bought a book of Frost for 560 gold pieces
 21551 | Lair:3   | Learned a level 3 spell: Ozocubu's Armour
 21556 | Lair:3   | Learned a level 4 spell: Summon Ice Beast
 21772 | Lair:3   | Reached XP level 12. HP: 80/113 MP: 10/12
 21800 | Lair:3   | Reached skill level 1 in Ice Magic
 21827 | Lair:3   | Reached skill level 1 in Summonings
 22095 | Lair:3   | Reached skill level 1 in Spellcasting
 22157 | Lair:3   | Found a hole to the Spider Nest.
 22256 | Lair:2   | HP: 5/113 [porcupine (2)]
 22257 | Lair:2   | Gained mutation: You passively map a small area around you.
                  | [potion of mutation]
 22257 | Lair:2   | Gained mutation: Your spells are a little harder to cast,
                  | but a little more powerful. [potion of mutation]
 22262 | Lair:2   | HP: 3/113 [poisoned by a black mamba]
 22695 | Lair:3   | HP: 4/113 [porcupine (3)]
 22695 | Lair:3   | Mangled by a blink frog

Illustrated notes

Levels and vault maps discovered:
D:1:      mushboom_english_gardens, layout_basic
D:2:      layout_basic, nicolae_overflow_hidden_temple, xom_teletrap_fun,
          uniq_terence, uniq_jessica
D:3:      layout_rooms, chequers_ecumenical_altar_simple_redux
D:4:      layout_cave_pools, nemelex_xobeh_ov_fountains_minmay,
          minmay_temple_entry_crystal_x, elyvilon_altar_5
D:5:      layout_cave_pods, basic_altar, serial_shops, nicolae_shop_statue_plus,
          minmay_shop_enchanted_jewellery
D:6:      layout_gridville
D:7:      layout_loops_corners, uniq_joseph
D:8:      layout_basic, erik_lair_dragon
D:9:      layout_irregular_city, marbit_many_paths, slow_altar_1, basic_altar
D:10:     layout_long_grid, nicolae_trove_entry_columns, basic_altar,
          lightli_corner_chamber, uniq_fannar
Temple:   nicolae_temple_x_marks_the_god
Lair:1:   minmay_lair_oklob_tunnel, layout_chaotic_city,
          minmay_lair_oklob_items, minivault_23,
          nicolae_lair_grove_arrangements, wad_woods_02,
          infiniplex_staircase_pool_2
Lair:2:   layout_chaotic_city, minmay_swamp_entry_eels, gauntlet_entry_generic,
          ebering_ghost_reflecting_pool, uniq_sonja, uniq_gastronok
Lair:3:   layout_gridlike, dummy_spider_entry, grunt_megastairs_3
Swamp:1:  layout_basic_swamp, evilmike_swamp_ruin_house_3, uniq_roxanne

Skill      XL: |  1  2  3  4  5  6  7  8  9 10 11 12 |
---------------+-------------------------------------+-----
Stealth        | 1 2 3 4 |  4.0
Fighting       | 2 3 4 5 8 9 11 12 | 12.7
Dodging        | 3 5 7 8 |  8.0
Evocations     | 4 5 |  5.0
Maces & Flails | 4 9 11 | 11.9
Ice Magic      | 1 |  1.8
Summonings     | 1 |  1.3
Spellcasting   | 1 |  1.2

Action                   |  1- 3 |  4- 6 |  7- 9 | 10-12 || total
-------------------------+-------+-------+-------+-------++-------
Melee: Club              |    84 |       |       |       ||    84
       Tailslap          |    23 |    30 |    80 |    93 ||   226
       Dagger            |    88 |   315 |   160 |       ||   563
       Mace              |       |       |   334 |   591 ||   925
Invok: Potion Petition   |       |       |       |     2 ||     2
       Call Merchant     |       |       |       |     1 ||     1
 Abil: Breathe Frost     |       |       |     3 |     5 ||     8
Evoke: Wand              |     9 |    19 |     4 |    12 ||    44
  Use: Scroll            |       |     5 |    12 |     5 ||    22
       Potion            |       |     2 |     9 |    13 ||    24
 Stab: Sleeping          |     4 |     3 |    12 |    12 ||    31
       Distracted        |     1 |       |     1 |       ||     2
Armor: Skin              |    72 |   140 |   215 |   242 ||   669
Dodge: Dodged            |   175 |   231 |   382 |   676 ||  1464

Table legend: (Time is in decaauts)
 A = Elapsed time spent in this place.
 B = Non-inter-level travel time spent in this place.
 C = Inter-level travel time spent in this place.
 D = Time resting spent in this place.
 E = Time spent auto-exploring this place.
 F = Levels seen in this place.
 G = Mean time per level.
                   A        B        C        D        E       F      G
               +--------+--------+--------+--------+--------+-----+--------+
         Total |  22830 |  22001 |    829 |  10311 |   7638 |  15 | 1522.0 |
       Dungeon |  15994 |  15275 |    719 |   6580 |   5718 |  10 | 1599.4 |
        Temple |    149 |     84 |     65 |      0 |     59 |   1 |  149.0 |
          Lair |   6674 |   6629 |     45 |   3731 |   1861 |   3 | 2224.7 |
         Swamp |     11 |     11 |      0 |      0 |      0 |   1 |   11.0 |
               +--------+--------+--------+--------+--------+-----+--------+

Top non-repeatable levels by time:
  Lair:2: 3745 daAuts
     D:4: 3617 daAuts
  Lair:1: 2123 daAuts
     D:8: 2062 daAuts
     D:7: 1765 daAuts
     D:9: 1711 daAuts
     D:2: 1565 daAuts
     D:6: 1550 daAuts
     D:1: 1511 daAuts
     D:5: 1161 daAuts
  Lair:3: 805 daAuts
     D:3: 738 daAuts
    D:10: 309 daAuts
  Temple: 149 daAuts
 Swamp:1: 11 daAuts
